 Dungeon Crawl Stone Soup version 0.21-a0-405-gf2af9a1 (webtiles) character file.

582 JackS81 the Caller (level 7, -2/51 HPs)
             Began as a Gnoll Summoner on Nov 1, 2017.
             Slain by a sky beast (6 damage)
             ... on level 5 of the Dungeon.
             The game lasted 00:27:44 (3056 turns).

JackS81 the Caller (Gnoll Summoner)                 Turns: 3056, Time: 00:27:45

Health: -2/51      AC:  2    Str: 10    XL:     7   Next: 36%
Magic:  1/15       EV: 15    Int: 20    God:
Gold:   230        SH:  0    Dex: 15    Spells: 8/17 levels left

rFire    . . .     SeeInvis .   K - staff of earth
rCold    . . .     Gourm    .   (no shield)
rNeg     . . .     Faith    .   a - +0 robe
rPois    .         Spirit   .   (no helmet)
rElec    .         Reflect  .   (no cloak)
rCorr    .         Harm     .   (no gloves)
MR       .....                  (no boots)
Stlth    +++.......             (no amulet)
HPRegen  0.17/turn              e - ring of flight
MPRegen  0.14/turn              (no ring)

@: no status effects
A: distributed training, fangs 1, strong nose
a: Evoke Flight


You were on level 5 of the Dungeon.
You were hungry.

You visited 1 branch of the dungeon, and saw 5 of its levels.

You collected 230 gold pieces.

Inventory:

Hand Weapons
 f - a +0 dagger
 g - a +0 whip
 s - a +2 quarterstaff of crushing
 y - a +0 blowgun
 D - a +0 whip of electrocution
Missiles
 x - 30 poisoned needles
Armour
 a - a +0 robe (worn)
Magical Staves
 K - an uncursed staff of earth (weapon)
Jewellery
 e - a ring of flight (left hand)
 n - an uncursed ring of wizardry {unknown}
 E - an uncursed ring of see invisible {unknown}
Wands
 q - a wand of confusion (11/48)
 I - a wand of flame (17/48)
 M - a wand of flame (18/48)
Scrolls
 k - 4 scrolls of immolation {unknown}
 l - 2 scrolls of remove curse {unknown}
 m - a scroll of enchant armour {unknown}
 o - 3 scrolls of fog {unknown}
 p - a scroll of identify {unknown}
 r - a scroll of teleportation {unknown}
 t - a scroll of magic mapping {unknown}
 u - a scroll of blinking {unknown}
 w - a scroll of amnesia {unknown}
 C - a scroll of recharging {unknown}
 F - 2 scrolls of fear {unknown}
Potions
 i - a potion of resistance {unknown}
 j - 2 potions of berserk rage {unknown}
 v - a potion of agility {unknown}
 z - a potion of lignification
 A - 2 potions of magic {unknown}
 B - a potion of flight {unknown}
 G - 3 potions of curing {unknown}
 H - a potion of haste {unknown}
 J - a potion of might {unknown}
Books
 b - a book of Callings

   Spells                             Type                      Level
   a - Summon Small Mammal            Summoning                    1
   b - Call Imp                       Summoning                    2
   c - Call Canine Familiar           Summoning                    3
   d - Summon Guardian Golem          Hexes/Summoning              3
   e - Summon Lightning Spire         Summoning/Air                4
   f - Summon Ice Beast               Ice/Summoning                4
Comestibles
 c - 3 bread rations
 d - 5 meat rations
 h - 3 royal jellies
 L - 11 chunks of flesh


   Skills:
 + Level 2.4 Fighting
 + Level 2.4 Short Blades
 + Level 2.4 Long Blades
 + Level 2.4 Axes
 + Level 2.4 Maces & Flails
 + Level 2.4 Polearms
 + Level 2.4 Staves
 + Level 2.4 Slings
 + Level 2.4 Bows
 + Level 2.4 Crossbows
 + Level 2.4 Throwing
 + Level 2.4 Armour
 + Level 5.2 Dodging
 + Level 4.8 Stealth
 + Level 2.4 Shields
 + Level 2.4 Unarmed Combat
 + Level 5.6 Spellcasting
 + Level 2.0 Conjurations
 + Level 2.0 Hexes
 + Level 2.0 Charms
 + Level 7.4 Summonings
 + Level 2.0 Necromancy
 + Level 2.0 Translocations
 + Level 2.0 Transmutations
 + Level 2.0 Fire Magic
 + Level 2.0 Ice Magic
 + Level 2.0 Air Magic
 + Level 2.0 Earth Magic
 + Level 2.0 Poison Magic
 + Level 2.6 Invocations
 + Level 2.4 Evocations


You had 8 spell levels left.
You knew the following spells:

 Your Spells              Type           Power        Failure   Level  Hunger
a - Summon Small Mammal   Summ           ####         1%          1    None
b - Call Imp              Summ           #####...     1%          2    None
c - Call Canine Familiar  Summ           #####...     1%          3    ##.....
d - Summon Guardian Gole  Hex/Summ       ###.....     4%          3    ##.....


Dungeon Overview and Level Annotations

Branches:
Dungeon (5/15)
 Temple: D:4-7

Altars:
Ashenzari
Cheibriados
Makhleb
Vehumet
The Shining One

Shops:
D:5 :


Innate Abilities, Weirdness & Mutations

Your experience applies equally to all skills.
You have very sharp teeth.
Your uncanny sense of smell can sniff out nearby items.


Message History

You closely miss something. Something hits you but does no damage.
You hit something but do no damage. You bite something. Something hits you.
Something shocks you.
You hit something. Something hits you but does no damage.
You miss something. Something barely misses you.
You miss something. Something hits you. Something shocks you.
* * * LOW HITPOINT WARNING * * *
You hit something. Something hits you.
* * * LOW HITPOINT WARNING * * *
Something shocks you.
* * * LOW HITPOINT WARNING * * *
Something barely misses you.
Things that are here:
a short sword; a ring mail; the elf skeleton of Duvessa
Casting: Call Imp
Confirm with . or Enter, or press ? or * to list all spells.
Something hits you.
* * * LOW HITPOINT WARNING * * *
Something shocks you.
You die...

∆ ##≈#.#.#
#..#########.∩ ∆∆∆
#≈....#
#..##......... ∆
#≈....#
#..##.#######.
#≈....# #..##.# #.
#≈..#)#
#..##.#######.
#≈#.#.#
#.............
#.#.####.##.########
#.#h##...##....#####
#..@...#............
####{##...#####.#####
#5.8.###.## #.# #
...≈..#..# #.# #.# #
####.....# #.# #.# #
...###.# #.# #.# #
###∆ #.# #.# #.# #
..# #.# #.# # ### ...
#.# #


You could see a friendly guardian golem and a friendly wolf.

Vanquished Creatures
  A worker ant (D:4)
  A gnoll (D:2)
  An adder (D:3)
  2 bats
  2 giant cockroaches
  2 hobgoblins
  2 kobolds
  2 rats
13 creatures vanquished.

Vanquished Creatures (collateral kills)
  Eustachio (D:5)
  The ghost of Slyspawn the Firebug, an amateur DrFE of Sif Muna (D:4)
  A black bear (D:4)
  An ogre (D:5)
  Dowan (D:5)
  A scorpion (D:5)
  A howler monkey (D:4)
  A crimson imp (D:5)
  An orc priest (D:3)
  Ijyb (D:3)
  A worker ant (D:4)
  3 gnolls (D:2)
  3 adders
  5 oozes
  A worm (D:2)
  3 dart slugs
  3 leopard geckos
  4 orcs (D:3)
  A ball python (D:4)
  5 giant cockroaches
  14 goblins
  5 hobgoblins
  2 jackals (D:2)
  11 bats
  6 frilled lizards
  12 kobolds
  10 rats
99 creatures vanquished.

Vanquished Creatures (others)
  Duvessa (D:5)
1 creature vanquished.

Grand Total: 113 creatures vanquished

Notes
Turn   | Place    | Note
-------+----------+-------------------------------------------
     0 | D:1      | JackS81 the Gnoll Summoner began the quest for the Orb.
     0 | D:1      | Reached XP level 1. HP: 13/13 MP: 6/6
   147 | D:1      | Reached XP level 2. HP: 12/19 MP: 7/7
   151 | D:1      | Learned a level 2 spell: Call Imp
   629 | D:2      | Reached XP level 3. HP: 24/25 MP: 5/9
   680 | D:2      | Reached skill level 5 in Spellcasting
   785 | D:2      | You fall through a shaft!
   785 | D:3      | Noticed Ijyb
   794 | D:3      | Reached skill level 1 in Invocations
   809 | D:3      | Killed Ijyb
   809 | D:3      | Reached skill level 1 in Fighting
   809 | D:3      | Reached skill level 1 in Short Blades
   809 | D:3      | Reached skill level 1 in Long Blades
   809 | D:3      | Reached skill level 1 in Axes
   809 | D:3      | Reached skill level 1 in Maces & Flails
   809 | D:3      | Reached skill level 1 in Polearms
   809 | D:3      | Reached skill level 1 in Staves
   809 | D:3      | Reached skill level 1 in Slings
   809 | D:3      | Reached skill level 1 in Bows
   809 | D:3      | Reached skill level 1 in Crossbows
   809 | D:3      | Reached skill level 1 in Throwing
   809 | D:3      | Reached skill level 1 in Armour
   809 | D:3      | Reached skill level 1 in Shields
   809 | D:3      | Reached skill level 1 in Unarmed Combat
   809 | D:3      | Reached skill level 1 in Evocations
   861 | D:3      | Reached XP level 4. HP: 22/32 MP: 11/11
  1047 | D:3      | Learned a level 3 spell: Call Canine Familiar
  1051 | D:3      | Learned a level 3 spell: Summon Guardian Golem
  1063 | D:3      | Found a faded altar of an unknown god.
  1163 | D:3      | Reached skill level 1 in Conjurations
  1163 | D:3      | Reached skill level 1 in Hexes
  1163 | D:3      | Reached skill level 1 in Charms
  1163 | D:3      | Reached skill level 1 in Necromancy
  1163 | D:3      | Reached skill level 1 in Translocations
  1163 | D:3      | Reached skill level 1 in Transmutations
  1163 | D:3      | Reached skill level 1 in Fire Magic
  1163 | D:3      | Reached skill level 1 in Ice Magic
  1163 | D:3      | Reached skill level 1 in Air Magic
  1163 | D:3      | Reached skill level 1 in Earth Magic
  1163 | D:3      | Reached skill level 1 in Poison Magic
  1453 | D:2      | Found a radiant altar of Vehumet.
  1453 | D:2      | Found a shattered altar of Ashenzari.
  1454 | D:2      | Found a glowing golden altar of the Shining One.
  1465 | D:2      | Reached XP level 5. HP: 37/37 MP: 9/12
  1691 | D:2      | Found a burning altar of Makhleb.
  2137 | D:4      | Noticed Slyspawn's ghost (amateur DrFE)
  2185 | D:4      | Killed Slyspawn's ghost
  2185 | D:4      | Reached XP level 6. HP: 21/44 MP: 1/13
  2551 | D:4      | Found a snail-covered altar of Cheibriados.
  2606 | D:4      | Reached skill level 5 in Dodging
  2637 | D:4      | Noticed a black bear
  2644 | D:4      | Killed a black bear
  2743 | D:5      | Entered Level 5 of the Dungeon
  2777 | D:5      | Found Muc Kole's Book Shop.
  2832 | D:5      | Noticed Eustachio
  2851 | D:5      | Killed Eustachio
  2851 | D:5      | Reached XP level 7. HP: 37/50 MP: 6/15
  2974 | D:5      | Noticed Dowan
  2977 | D:5      | Noticed Duvessa
  2990 | D:5      | Killed Dowan
  2993 | D:5      | Killed Duvessa
  3056 | D:5      | Slain by a sky beast

Vault maps used:
D:1:      kennysheep_arrival_forest, hangedman_abyss_or_decor_stabs
D:2:      lightli_temple_of_fire, gammafunk_temple_overflow_claw,
          minmay_split_cup_large
D:3:      kennysheep_the_goblin_king, chequers_ecumenical_altar_twisty,
          st_stairs_3, minmay_misc_feat_nine_boxes,
          hangedman_abyss_or_decor_lesser_grid
D:4:      kennysheep_slug_shrine, first_bread
D:5:      temple_hall, serial_shops, shop, kennysheep_diamond,
          water_maze_lemuel, uniq_ijyb, uniq_eustachio, uniq_duvessa,
          uniq_crazy_yiuf_cottage

Skill      XL: |  1  2  3  4  5  6  7 |
---------------+----------------------+-----
Spellcasting   | 5 |  5.6
Invocations    | 1 2 |  2.6
Fighting       | 1 2 |  2.4
Short Blades   | 1 2 |  2.4
Long Blades    | 1 2 |  2.4
Axes           | 1 2 |  2.4
Maces & Flails | 1 2 |  2.4
Polearms       | 1 2 |  2.4
Staves         | 1 2 |  2.4
Slings         | 1 2 |  2.4
Bows           | 1 2 |  2.4
Crossbows      | 1 2 |  2.4
Throwing       | 1 2 |  2.4
Armour         | 1 2 |  2.4
Shields        | 1 2 |  2.4
Unarmed Combat | 1 2 |  2.4
Evocations     | 1 2 |  2.4
Conjurations   | 1 2 |  2.0
Hexes          | 1 2 |  2.0
Charms         | 1 2 |  2.0
Necromancy     | 1 2 |  2.0
Translocations | 1 2 |  2.0
Transmutations | 1 2 |  2.0
Fire Magic     | 1 2 |  2.0
Ice Magic      | 1 2 |  2.0
Air Magic      | 1 2 |  2.0
Earth Magic    | 1 2 |  2.0
Poison Magic   | 1 2 |  2.0
Dodging        | 5 |  5.2
Stealth        | |  4.8
Summonings     | |  7.4

Action                   |  1- 3 |  4- 6 |  7- 9 || total
-------------------------+-------+-------+-------++-------
Melee: Whip              |    28 |    10 |       ||    38
       Unarmed           |     2 |       |       ||     2
       Bite              |     2 |     4 |     1 ||     7
       Quarterstaff      |       |    36 |       ||    36
       Staff             |       |       |    12 ||    12
 Fire: Blowgun           |       |     1 |       ||     1
 Cast: Summon Small Mamm |    19 |     5 |     1 ||    25
       Call Imp          |    13 |    24 |     3 ||    40
       Call Canine Famil |       |    14 |     4 ||    18
       Summon Guardian G |       |     4 |     2 ||     6
Evoke: Wand              |       |     2 |       ||     2
  Use: Potion            |     1 |       |       ||     1
 Stab: Distracted        |       |     1 |       ||     1
  Eat: Chunk             |       |     7 |       ||     7
Armor: Robe              |     7 |     8 |     3 ||    18
       Skin              |    41 |       |       ||    41
Dodge: Dodged            |    47 |    58 |     5 ||   110

Table legend:
 A = Spawn XP
 B = Non-spawn XP
 C = Spawn XP percentage of total XP
 D = Spawn monster count
 E = Non-spawn monster count
 F = Spawn count percentage of total count
 G = Total turns spent on level
                    A         B        C        D         E        F      G
               +---------+---------+-------+---------+---------+-------+---------
         Total |       0 |     832 |   0.0 |       0 |     113 |   0.0 |  3056
               +---------+---------+-------+---------+---------+-------+---------
           D:1 |       0 |      31 |   0.0 |       0 |      25 |   0.0 |   599
           D:2 |       0 |      83 |   0.0 |       0 |      35 |   0.0 |   749
           D:3 |       0 |     105 |   0.0 |       0 |      37 |   0.0 |   648
           D:4 |       0 |     286 |   0.0 |       0 |      10 |   0.0 |   747
           D:5 |       0 |     327 |   0.0 |       0 |       6 |   0.0 |   313
               +---------+---------+-------+---------+---------+-------+---------
